 Dungeon Crawl Stone Soup version 0.30-a0-1160-g6e42c06551 (webtiles) character file.

Game seed: 15207997335587921877

3 kae the Insei (level 1, -1/15 HPs)
             Began as a Demigod Transmuter on Apr 25, 2023.
             Slain by a quokka (2 damage)
             ... on level 1 of the Dungeon.
             The game lasted 00:00:12 (76 turns).

kae the Insei (Demigod Transmuter)                    Turns: 76, Time: 00:00:13

Health: -1/15      AC:  2    Str: 11    XL:     1   Next: 33%
Magic:  3/5        EV: 12    Int: 15    God:
Gold:   0          SH:  0    Dex: 14    Spells: 2/3 levels left

rFire   . .          .
                       - Unarmed
rCold   . . .        (no shield)
rNeg    . . .        a - +0 robe
rPois   .            (helmet currently unavailable)
rElec   .            (no cloak)
rCorr   .            (no gloves)
SInv    .            (boots currently unavailable)
Will    .....        (no amulet)
Stlth   +            (no ring)
HPRegen 0.22/turn    (no ring)
MPRegen 0.09/turn

%: no passive effects
@: appendages (expiring)
A: horns 2, talons 2, high MP 1, forlorn, divine attributes
a: End Transformation


You were on level 1 of the Dungeon.
You had temporarily grown beastly horns and talons.
You visited 1 branch of the dungeon, and saw 1 of its levels.


Innate Abilities, Weirdness & Mutations

You have temporarily grown beastly horns and talons.
You have an increased reservoir of magic. (+10% MP)
You shall have no god before yourself.
Your divine heritage dramatically boosts your attributes as you level up.


   Skills:
 - Level 0.8 Fighting
 - Level 1.7 Dodging
 + Level 2.7 Unarmed Combat
 + Level 1.8 Spellcasting
 * Level 2.0 Transmutations


You had 2 spell levels left.
You knew the following spells:

 Your Spells              Type           Power      Damage    Failure   Level
a - Beastly Appendage     Tmut           14%        N/A       10%         1

Your spell library contained the following spells:

 Spells                   Type           Power      Damage    Failure   Level
 Wereblood                Tmut           7%         N/A       16%         2
 Spider Form              Tmut/Pois      4%         N/A       41%         3
 Ice Form                 Ice/Tmut       4%         N/A       83%         4

Inventory:

Armour
 a - a +0 robe (worn)
Potions
 b - a potion of lignification {!q}
 c - a potion of berserk rage {unknown}

Dungeon Overview and Level Annotations

Branches:
Dungeon (1/15) Zot: 5923

#.#.#.#.#.##.#
#.#.<.#.###.#
#.#.#.#.#.##.#
#.###.#.###.#.#
######+## ##.## ##..####
........###.#.###.......
.........#.###.##.......
..........## ##.........
.......@### ###.......
......r.# #.......
........# #.......
........# #.......
........# #.......
........# #.......
######... ......... ####
####+####


You could see a quokka.


Message History

Found a staircase leading out of the dungeon.
A goblin comes into view. It is wielding a +2 dagger of speed.
The goblin shouts!
You hear an angry hiss.
A goblin is nearby!
A goblin is nearby!
Casting: Beastly Appendage (safe; 11% risk of failure)
Confirm with . or Enter, or press ? or * to list all spells.
You grow a pair of large bovine horns.
Your feet morph into talons.
A ball python comes into view. 😎 MP[-1]
You lost 1 mp, and now have 4/5 mp.
The goblin closely misses you.
You hit the goblin.
You kill the goblin!
You closely miss the ball python. Your kick misses the ball python.
Your headbutt misses the ball python.
Your transformation is almost over.
The ball python misses you. The ball python closely misses you.
You hit the ball python but do no damage.
You claw the ball python.
You kill the ball python!
No target in view!
No target in view!
No target in view!
No target in view!
Unknown command.
Things that are here:
a +2 dagger of speed; a ball python corpse; a goblin corpse Your horns disappear.
Your talons disappear.
Found a stone staircase leading down. 😎 MP[+1]
Your mp is fully restored (5).
c - a metallic green potion A hobgoblin comes into view.
The hobgoblin shouts!
A hobgoblin is nearby!
A rat comes into view.
Casting: Beastly Appendage (safe; 11% risk of failure)
Confirm with . or Enter, or press ? or * to list all spells.
You miscast Beastly Appendage.
You are very lightly contaminated with residual magic.
Nothing appears to happen. 😎 MP[-1]
You lost 1 mp, and now have 4/5 mp.
You hit the hobgoblin. The hobgoblin misses you.
You closely miss the hobgoblin.
A quokka comes into view.
The hobgoblin closely misses you.
You barely miss the hobgoblin. You barely miss the hobgoblin.
The hobgoblin hits you. 😮 HP[-4]
You take 4 damage, and now have 11/15 hp.
MASSIVE DAMAGE!! (PAUSE)
The hobgoblin attacks as you move away! The hobgoblin closely misses you.
Casting: Beastly Appendage (safe; 11% risk of failure)
Confirm with . or Enter, or press ? or * to list all spells.
You grow a pair of large bovine horns.
Your feet morph into talons.
The hobgoblin hits you.
Your magical contamination has completely faded away.
The hobgoblin hits you but does no damage. 😮 HP[-2] MP[-1]
You take 2 damage, and now have 9/15 hp.
You lost 1 mp, and now have 3/5 mp.
You hit the hobgoblin but do no damage. The hobgoblin closely misses you.
Unknown command.
You hit the hobgoblin but do no damage. You headbutt the hobgoblin.
You kill the hobgoblin! 😮 MP[+1]
You hit the rat.
You kill the rat!
Your Transmutations skill increases to level 2!
A quokka is nearby! 😮 HP[+1]
Casting: Beastly Appendage (safe; 10% risk of failure)
Confirm with . or Enter, or press ? or * to list all spells.
You extend your transformation's duration. 😮 MP[-1]
You lost 1 mp, and now have 3/5 mp.
The quokka misses you.
You hit the quokka but do no damage. Your kick misses the quokka.
The quokka closely misses you.
The quokka bites you but does no damage.
You barely miss the quokka. You claw the quokka, but do no damage.
The quokka twitches its whiskers.
The quokka bites you. 😮 HP[-2]
You take 2 damage, and now have 8/15 hp.
You miss the quokka. Your headbutt misses the quokka.
Your transformation is almost over.
The quokka bites you.
* * * LOW HITPOINT WARNING * * *
😨 HP[-4]
You take 4 damage, and now have 4/15 hp.
MASSIVE DAMAGE!! (PAUSE)
You closely miss the quokka. The quokka bites you.
* * * LOW HITPOINT WARNING * * *
😱 HP[-3]
You take 3 damage, and now have 1/15 hp.
You barely miss the quokka. Your kick misses the quokka. The quokka bites you.
You die...

Skill      XL: |  1 |
---------------+----+-----
Transmutations | 2 |  2.0
Fighting       | |  0.8
Dodging        | |  1.7
Unarmed Combat | |  2.7
Spellcasting   | |  1.8

Action                     || total
---------------------------++-------
  Melee: Unarmed           ||    15
         Kick              ||     2
         Headbutt          ||     1
   Cast: Beastly Appendage ||     3
 Armour: Robe              ||     2
  Dodge: Dodged            ||     9

Levels and vault maps discovered:
D:1:      minmay_arrival_diagonal_passages, layout_basic

Notes
Turn   | Place    | Note
-------+----------+-------------------------------------------
     0 | D:1      | kae the Demigod Transmuter began the quest for the Orb.
     0 | D:1      | Reached XP level 1. HP: 15/15 MP: 5/5
     0 | D:1      | magus.rc [v1.11.3]
    67 | D:1      | Reached skill level 2 in Transmutations
    75 | D:1      | HP: 1/15 [quokka (3)]
    76 | D:1      | Slain by a quokka

Vanquished Creatures
  A hobgoblin (D:1)
  A ball python (D:1)
  A goblin (D:1)
  A rat (D:1)
4 creatures vanquished.

Table legend:
 A = Non-vault XP
 B = Vault XP
 C = Vault XP percentage of total XP
 D = Non-vault monster count
 E = Vault monster count
 F = Vault count percentage of total count
                 A         B        C        D         E       F
            +---------+---------+-------+---------+---------+-------
      Total |       5 |       0 |   0.0 |       4 |       0 |   0.0
            +---------+---------+-------+---------+---------+-------
        D:1 |       5 |       0 |   0.0 |       4 |       0 |   0.0
            +---------+---------+-------+---------+---------+-------

Skill      XL: |  1 |
---------------+----+-----
Transmutations | 2 |  2.0
Fighting       | |  0.8
Dodging        | |  1.7
Unarmed Combat | |  2.7
Spellcasting   | |  1.8

Action                     || total
---------------------------++-------
  Melee: Unarmed           ||    15
         Kick              ||     2
         Headbutt          ||     1
   Cast: Beastly Appendage ||     3
 Armour: Robe              ||     2
  Dodge: Dodged            ||     9

Illustrated notes

Table legend:
 A = Kills in this place as a percentage of kills in the entire game.
 B = Kills by you in this place as a percentage of kills by you in the entire game.
 C = Kills by friends in this place as a percentage of kills by friends in the entire game.
 D = Other kills in this place as a percentage of other kills in the entire game.
 E = Experience gained in this place as a percentage of experience gained in the entire game.
 F = Experience gained in this place divided by the number of levels of this place that you have seen.
                   A       B       C       D       E      F
               +-------+-------+-------+-------+-------+----------------------
         Total | 100.0 | 100.0 |   N/A |   N/A | 100.0 |   5.0
       Dungeon | 100.0 | 100.0 |   N/A |   N/A | 100.0 |   5.0
               +-------+-------+-------+-------+-------+----------------------

Table legend: (Time is in decaauts)
 A = Elapsed time spent in this place.
 B = Non-inter-level travel time spent in this place.
 C = Inter-level travel time spent in this place.
 D = Time resting spent in this place.
 E = Time spent auto-exploring this place.
 F = Levels seen in this place.
 G = Mean time per level.
                   A        B        C        D        E       F      G
               +--------+--------+--------+--------+--------+-----+--------+
         Total |     75 |     75 |      0 |      0 |     42 |   1 |   75.0 |
       Dungeon |     75 |     75 |      0 |      0 |     42 |   1 |   75.0 |
               +--------+--------+--------+--------+--------+-----+--------+

Top non-repeatable levels by time:
     D:1: 75 daAuts
